 Dungeon Crawl Stone Soup version 0.30-a0-1094-g860fb061e7 (webtiles) character file.

Game seed: 1504525041063239252

1 Esekla the Sneak (level 1, -2/16 HPs)
             Began as an Octopode Delver on Apr 17, 2023.
             Slain by a scorpion (7 damage)
             ... on level 5 of the Dungeon.
             The game lasted 00:01:16 (96 turns).

Esekla the Sneak (Octopode Delver)                    Turns: 96, Time: 00:01:16

Health: -2/16      AC:  1    Str: 11    XL:     1   Next: 20%
Magic:  1/1        EV: 13    Int: 12    God:
Gold:   0          SH:  0    Dex: 13    Spells: 0/0 levels left

rFire   . . .      SeeInvis .    a - +0 falchion
rCold   . . .      Faith    .    (no shield)
rNeg    . . .      Spirit   .    (helmet restricted)
rPois   .          Reflect  .    (no amulet)
rElec   .          Rampage  .    (no ring)
rCorr   .                        (no ring)
Will    .....                    (no ring)
Stlth   ++++                     (no ring)
HPRegen 0.22/turn                (no ring)
MPRegen 0.07/turn                (no ring)
                                 (no ring)
                                 (no ring)

@: no status effects
A: almost no armour, amphibious, 8 rings, camouflage 1, gelatinous body 1,
(nimble swimmer 1), tentacles
a: no special abilities


You were on level 5 of the Dungeon.
You visited 2 branches of the dungeon, and saw 2 of its levels.

Inventory:

Hand Weapons
 a - a +0 falchion (weapon)
Wands
 f - a wand of digging (3)
Scrolls
 b - a scroll of fog
 d - a scroll of fear
Potions
 c - a potion of mutation {unknown}
 e - a potion of haste


   Skills:
 * Level 3.0 Fighting
 * Level 2.0 Long Blades
 * Level 2.0 Dodging
 + Level 6.6 Stealth


You couldn't memorise any spells.
You didn't know any spells.
Your spell library was empty.

Dungeon Overview and Level Annotations

Branches:
Dungeon (5/15)             Temple (1/1) D:5

Altars:
Gozag
Ru
Uskayaw


Innate Abilities, Weirdness & Mutations

You cannot wear most types of armour.
You are amphibious.
You can wear up to eight rings at the same time.
Your skin changes colour to match your surroundings (Stealth+).
Your rubbery body absorbs attacks. (AC +1, EV +1)
((You are camouflaged when in or above water. (Stealth+)))
You have tentacles for arms and can constrict up to eight enemies at once.


Message History

Found a hide-covered altar of Uskayaw.
You hit the jackal but do no damage. You grab the jackal.
You constrict the jackal, but do no damage.
The jackal bites you.
You hit the jackal.
You kill the jackal!
As you read the scroll of magic mapping, it crumbles to dust.
You feel aware of your surroundings.
A jackal comes into view.
Found a staircase to the Ecumenical Temple.
There is a staircase to the Ecumenical Temple here.
You climb downwards.
Welcome to the Ecumenical Temple!
Found an opulent altar of Gozag and a sacrificial altar of Ru.
There is a staircase back to the Dungeon here.
You have 0 gold pieces.
Unknown command.
You climb upwards.
There is a staircase to the Ecumenical Temple here.
Found a sling.
Found a glowing orange potion.
A scorpion comes into view.
An orc comes into view. It is wielding a +0 short sword.
You see here a glowing orange potion.
c - a glowing orange potion You hit the scorpion.
Your grab misses the scorpion.
The scorpion is moderately wounded.
The scorpion closely misses you.
You barely miss the scorpion. You grab the scorpion.
Your squeeze misses the scorpion.
The scorpion is moderately wounded.
You constrict the scorpion. The scorpion stings you.
You hit the scorpion but do no damage. You squeeze the scorpion!
The scorpion is almost dead.
You constrict the scorpion.
The scorpion stings you but does no damage.
The scorpion stings you.
You hit the scorpion but do no damage.
The scorpion is almost dead.
You constrict the scorpion. The scorpion stings you!
You die...

......#.#.....# #..........#.#
........#.....######..........#.#
.............................##..
#.....#.#.....######.............
......#.####### ######..######
)..##.#.########## #..#*****
.................# #....,,,,
.........#######.#######*#.##***,
...............s@.......,,,* *,
..#####..........#######**,* *,
#.# ##.######### *,* *, #s# #.#
*****,* *, #.# #s# *,,,,,* *, #.#
#.# *****,* *, #.# #.# *,* *,
#.######.# *,* *, ....s....# *,*
*,


You could see a scorpion.

Vanquished Creatures
  A jackal (D:5)
1 creature vanquished.

Notes
Turn   | Place    | Note
-------+----------+-------------------------------------------
     0 | D:5      | Esekla the Octopode Delver began the quest for the Orb.
     0 | D:5      | Reached XP level 1. HP: 16/16 MP: 1/1
     8 | D:5      | Found a hide-covered altar of Uskayaw.
    36 | D:5      | Found a staircase to the Ecumenical Temple.
    43 | Temple   | Entered the Ecumenical Temple
    62 | D:5      | Noticed a scorpion
    96 | D:5      | Slain by a scorpion

Illustrated notes

Levels and vault maps discovered:
D:5:      layout_basic, kennysheep_little_box, minmay_temple_entry_overgrown,
          uniq_crazy_yiuf_cottage
Temple:   nicolae_temple_hex_pool

Action                     || total
---------------------------++-------
  Melee: Falchion          ||     6
         Constrict         ||     2
         Tentacles         ||     1
    Use: Scroll            ||     1
 Armour: Skin              ||     1
  Dodge: Dodged            ||     1

Table legend: (Time is in decaauts)
 A = Elapsed time spent in this place.
 B = Non-inter-level travel time spent in this place.
 C = Inter-level travel time spent in this place.
 D = Time resting spent in this place.
 E = Time spent auto-exploring this place.
 F = Levels seen in this place.
 G = Mean time per level.
                   A        B        C        D        E       F      G
               +--------+--------+--------+--------+--------+-----+--------+
         Total |     97 |     97 |      0 |      0 |      0 |   2 |   48.5 |
       Dungeon |     95 |     95 |      0 |      0 |      0 |   1 |   95.0 |
        Temple |      1 |      1 |      0 |      0 |      0 |   1 |    1.0 |
               +--------+--------+--------+--------+--------+-----+--------+

Top non-repeatable levels by time:
     D:5: 95 daAuts
  Temple: 1 daAuts
